 Dungeon Crawl Stone Soup version 0.23.0-33-g5e6c059 (webtiles) character file.

Game seed: 17993119617152811090

1967 Hasart the Magician (level 9, -1/45 HPs)
             Began as a Deep Elf Earth Elementalist on Feb 26, 2019.
             Was an Initiate of Vehumet.
             Slain by a centaur (5 damage)
             ... on level 6 of the Dungeon.
             The game lasted 00:13:07 (5511 turns).

Hasart the Magician (Deep Elf Earth Elementalist)   Turns: 5511, Time: 00:13:07

Health: -1/45      AC:  4    Str:  5    XL:     9   Next: 0%
Magic:  0/22       EV: 16    Int: 24    God:    Vehumet [......]
Gold:   268        SH:  0    Dex: 15    Spells: 14/23 levels left

rFire    . . .     SeeInvis .   v - +2 whip (venom)
rCold    . . .     Gourm    .   (no shield)
rNeg     . . .     Faith    .   c - +0 robe
rPois    .         Spirit   .   A - +2 hat
rElec    .         Reflect  .   (no cloak)
rCorr    +         Harm     .   (no gloves)
MR       .....                  (no boots)
Stlth    ++........             (no amulet)
HPRegen  0.15/turn              t - ring of resist corrosion
MPRegen  0.18/turn              (no ring)

@: no status effects
A: no striking features
a: Renounce Religion


You were on level 6 of the Dungeon.
You worshipped Vehumet.
Vehumet was noncommittal.
You were not hungry.

You visited 2 branches of the dungeon, and saw 7 of its levels.

You collected 268 gold pieces.

Inventory:

Hand Weapons
 v - a +2 whip of venom (weapon)
Missiles
 b - 85 stones (quivered)
Armour
 c - a +0 robe (worn)
 A - a +2 hat (worn)
Jewellery
 t - a ring of resist corrosion (left hand)
Wands
 k - a wand of random effects (28)
 p - a wand of enslavement (18)
 B - a wand of flame (27)
Scrolls
 a - 6 scrolls of enchant armour {unknown}
 e - 6 scrolls of identify {unknown}
 f - 7 scrolls of remove curse {unknown}
 g - a scroll of amnesia {unknown}
 h - 2 scrolls of enchant weapon {unknown}
 j - a scroll of noise {unknown}
 n - 2 scrolls of teleportation {unknown}
 o - a scroll of fear {unknown}
 r - a scroll of magic mapping {unknown}
 s - a scroll of immolation {unknown}
 y - 2 scrolls of blinking {unknown}
Potions
 i - a potion of brilliance {unknown}
 l - 6 potions of curing {unknown}
 m - 3 potions of haste {unknown}
 u - 3 potions of heal wounds {unknown}
 w - a potion of mutation {unknown}
 x - 2 potions of cancellation {unknown}
 z - a potion of flight {unknown}
Comestibles
 d - 5 rations
 q - a chunk of flesh


   Skills:
 - Level 6.0 Dodging
 - Level 2.4 Stealth
 + Level 7.8 Spellcasting
 * Level 7.3 Conjurations
   Level 1.1 Transmutations
 + Level 7.6 Earth Magic


You had 14 spell levels left.
You knew the following spells:

 Your Spells              Type           Power        Failure   Level  Hunger
a - Sandblast             Erth           #####.       1%          1    None
b - Stone Arrow           Conj/Erth      #####.       1%          3    None
c - Lee's Rapid Deconstr  Erth           #####.....   8%          5    #####..

Your spell library contained the following spells:

 Spells                   Type           Power        Failure   Level  Hunger
 Passwall                 Tmut/Erth      ####....     1%          2    None
 Petrify                  Tmut/Erth      ####....     11%         4    ###....


Dungeon Overview and Level Annotations

Branches:
Dungeon (6/15)             Temple (1/1) D:5

Altars:
Ashenzari
Cheibriados
Dithmenos
Elyvilon
Fedhas
Gozag
Hepliaklqana
Kikubaaqudgha
Makhleb
Nemelex Xobeh
Okawaru
Qazlal
Ru
Sif Muna
Trog
Uskayaw
Vehumet
Wu Jian
Xom
Yredelemnul
Zin
The Shining One

Shops:
D:4 =


Message History

Casting: Sandblast (safe; 1% risk of failure)
Confirm with . or Enter, or press ? or * to list all spells.
Aiming: Sandblast (safe; 1% risk of failure)
Press: ? - help, Shift-Dir - straight line, f/p - centaur
Aim: a centaur, wearing +0 shadow dragon scales and wearing an uncursed ring of magical power (severely wounded, poisoned)
The blast of sand hits the centaur.
The centaur is severely wounded.
b - 85 stones The centaur hits you!
* * * LOW HITPOINT WARNING * * *
The centaur closely misses you.
Unknown command.
You hit the centaur.
The centaur looks as sick as possible!
The centaur is almost dead.
The centaur barely misses you. x2
Unknown command.
You hit the centaur but do no damage.
The centaur looks as sick as possible!
The centaur is almost dead.
The centaur hits you.
You die...

#. ...
.. ...
#. #.#
.....
.#.##
.).
#.#####
#@#...
#c#.####
#......#
#......#
#......#
#.))...#
#.#)####
#.#)#
#.#(#


You could see a centaur.

Vanquished Creatures
  Grinder (D:3)
  Sigmund (D:3)
  Duvessa (D:6)
  2 black bears (D:6)
  A sky beast (D:4)
  2 ogres
  A centaur (D:6)
  A bullfrog (D:6)
  Dowan (D:6)
  2 howler monkeys
  A crimson imp (D:5)
  A jelly (D:5)
  A centaur skeleton (D:5)
  2 bullfrog skeletons
  2 orc priests
  4 hounds
  Jessica (D:3)
  4 orc wizards
  2 worker ants (D:4)
  2 hound skeletons
  4 gnolls
  2 howler monkey skeletons (D:4)
  9 adders
  2 oozes
  6 dart slugs
  2 worms (D:2)
  5 leopard geckos
  10 orcs
  3 ball pythons
  3 giant cockroaches
  11 goblins
  9 hobgoblins
  3 jackals (D:5)
  3 quokkas
  5 bats
  5 frilled lizards
  A giant cockroach zombie (D:6)
  9 kobolds
  A quokka zombie (D:5)
  8 rats
134 creatures vanquished.

Notes
Turn   | Place    | Note
-------+----------+-------------------------------------------
     0 | D:1      | Hasart the Deep Elf Earth Elementalist began the quest for
                  | the Orb.
     0 | D:1      | Reached XP level 1. HP: 10/10 MP: 6/6
   187 | D:1      | Reached XP level 2. HP: 12/15 MP: 5/8
   614 | D:1      | Reached XP level 3. HP: 14/19 MP: 8/10
  1060 | D:1      | Learned a level 3 spell: Stone Arrow
  1155 | D:2      | Reached XP level 4. HP: 22/24 MP: 8/12
  1716 | D:2      | Reached skill level 5 in Earth Magic
  1736 | D:2      | Reached XP level 5. HP: 23/28 MP: 11/13
  2351 | D:3      | Found a faded altar of an unknown god.
  2354 | D:3      | Reached skill level 1 in Conjurations
  2367 | D:3      | Reached XP level 6. HP: 28/32 MP: 10/15
  2591 | D:3      | Noticed Jessica
  2596 | D:3      | Killed Jessica
  2619 | D:3      | Found a shattered altar of Ashenzari.
  2703 | D:3      | Noticed Sigmund
  2711 | D:3      | Killed Sigmund
  2711 | D:3      | Reached skill level 5 in Spellcasting
  2792 | D:3      | Reached XP level 7. HP: 27/36 MP: 9/17
  3167 | D:3      | Noticed Grinder
  3180 | D:3      | Killed Grinder
  3180 | D:3      | Reached skill level 5 in Dodging
  3541 | D:4      | Learned a level 5 spell: Lee's Rapid Deconstruction
  3820 | D:4      | Reached skill level 5 in Conjurations
  3820 | D:4      | Reached XP level 8. HP: 23/41 MP: 14/19
  3873 | D:4      | Found Qupsekess's Jewellery Emporium.
  3994 | D:5      | Entered Level 5 of the Dungeon
  4297 | D:5      | Found a staircase to the Ecumenical Temple.
  4303 | Temple   | Entered the Ecumenical Temple
  4451 | Temple   | Became a worshipper of Vehumet
  5318 | D:6      | Found a bloodstained altar of Trog.
  5493 | D:6      | Noticed Dowan
  5494 | D:6      | Noticed Duvessa
  5496 | D:6      | Killed Dowan
  5498 | D:6      | Killed Duvessa
  5498 | D:6      | Reached XP level 9. HP: 43/45 MP: 5/22
  5511 | D:6      | Slain by a centaur

Skill      XL: |  1  2  3  4  5  6  7  8 |
---------------+-------------------------+-----
Earth Magic    | 4 5 6 7 |  7.6
Dodging        | 3 4 5 6 |  6.0
Spellcasting   | 4 5 6 7 |  7.8
Conjurations   | 1 3 5 7 |  7.3
Stealth        | |  2.4
Transmutations | |  1.1

Action                   |  1- 3 |  4- 6 |  7- 9 || total
-------------------------+-------+-------+-------++-------
Melee: Unarmed           |    18 |       |       ||    18
       Short sword       |    11 |     4 |       ||    15
       Dagger            |       |     9 |     1 ||    10
       Whip              |       |       |    18 ||    18
 Cast: Sandblast         |    34 |    64 |    98 ||   196
       Lee's Rapid Decon |       |       |     3 ||     3
 Stab: Sleeping          |     6 |       |       ||     6
  Eat: Chunk             |     1 |     5 |     5 ||    11
       Ration            |       |       |     1 ||     1
Armor: Robe              |     7 |     3 |     9 ||    19
Dodge: Dodged            |    24 |    17 |    40 ||    81
